 Dungeon Sprint DCSS version 0.29.1-1-gd02db6906a (webtiles) character file.

Game seed: 5916362428803522647

183 Groucho the Trooper (level 5, -2/55 HPs)
             Began as a Naga Fighter on Oct 9, 2022.
             Was an Initiate of Cheibriados.
             Slain by a gargoyle
             ... wielding a +0 morningstar
              (17 damage)
             ... in the Dungeon (Sprint IX: "|||||||||||||||||||||||||||||").
             The game lasted 00:01:10 (965 turns).

Groucho the Trooper (Naga Fighter)                   Turns: 965, Time: 00:01:11

Health: -2/55      AC:  9    Str: 19    XL:     5   Next: 62%
Magic:  4/7        EV:  7    Int: 10    God:    Cheibriados [......]
Gold:   0          SH:  6    Dex: 16    Spells: 4/4 levels left

rFire   . . .      SeeInvis +   m - +1 broad axe (flame)
rCold   . . .      Faith    .   c - +0 buckler
rNeg    . . .      Spirit   .   n - +1 chain mail
rPois   +          Reflect  .   a - +0 helmet
rElec   .          Harm     .   (no cloak)
rCorr   .          Rampage  .   (no gloves)
Will    .....      NoTele   +   (no barding)
Stlth   ..........              (no amulet)
HPRegen 0.18/turn               o - +3 ring of dexterity
MPRegen 0.10/turn               p - +2 ring of evasion

@: invisible, very slow
A: AC +1, large, see invisible, deformed body, poison resistance, slowness 2,
spit poison 1, naga tail 1
a: Spit Poison, Renounce Religion


You were in the Dungeon.
You worshipped Cheibriados.
Cheibriados was noncommittal.
You visited 1 branch

Inventory:

Hand Weapons
 m - a +1 broad axe of flaming (weapon)
Armour
 a - a +0 helmet (worn)
 b - a +0 scale mail
 c - a +0 buckler (worn)
 n - a +1 chain mail (worn)
Jewellery
 o - a +3 ring of dexterity (left hand)
 p - a +2 ring of evasion (right hand)
Wands
 l - a wand of quicksilver (10)
Scrolls
 j - 2 scrolls of blinking
 k - 2 scrolls of amnesia
Potions
 d - a potion of might
 g - a potion of haste
 h - 4 potions of magic
 i - 4 potions of curing


   Skills:
 + Level 6.1 Fighting
 + Level 5.6 Axes
 + Level 5.0 Armour
 + Level 5.5 Shields
 + Level 2.7 Invocations


You had 4 spell levels left.
You didn't know any spells.
Your spell library was empty.

Dungeon Overview and Level Annotations

Branches:
Dungeon (1/1)

Altars:
Cheibriados
Dithmenos
Elyvilon
Fedhas
Gozag
Hepliaklqana
Kikubaaqudgha
Makhleb
Nemelex Xobeh
Okawaru
Qazlal
Ru
Sif Muna
Trog
Uskayaw
Vehumet
Wu Jian
Xom
Yredelemnul
Zin
The Shining One
Jiyva
Lugonu


Innate Abilities, Weirdness & Mutations

Your serpentine skin is tough. (AC +1)
You have supernaturally acute eyesight. (SInv)
Armour fits poorly on your strangely shaped body.
Your system is resistant to poisons. (rPois)
You cover ground very slowly.
You can spit poison.
You have a snake-like lower body.


Message History

The gargoyle hurls a stone arrow at you.
The stone arrow hits you!!
Ouch! That really hurt!
* * * LOW HITPOINT WARNING * * *
Your Fighting skill increases to level 6!
Your Axes skill increases to level 5!
Your Armour skill increases to level 5!
Your Shields skill increases to level 5!
Your Invocations skill gained 2 levels and is now at level 2!
You have reached level 5!
Unknown command.
You feel much better.
The gargoyle hits you with a +0 morningstar!!
* * * LOW HITPOINT WARNING * * *
You feel much better.
The gargoyle hits you with a +0 morningstar!!
* * * LOW HITPOINT WARNING * * *
Unknown command.
Unknown command.
You feel much better.
The gargoyle hits you with a +0 morningstar!
Unknown command.
Unknown command.
You fade into invisibility!
The gargoyle hits you with a +0 morningstar!
* * * LOW HITPOINT WARNING * * *
You hit the gargoyle but do no damage.
The gargoyle hurls a stone arrow at you.
The stone arrow misses you.
Unknown command.
Unknown command.
You hit the gargoyle but do no damage.
The gargoyle hurls a stone arrow at you.
The stone arrow misses you.
You completely miss the gargoyle. You block the gargoyle's attack.
The gargoyle hurls a stone arrow at you.
The stone arrow misses you.
You slash the gargoyle! You burn the gargoyle.
The gargoyle is heavily damaged.
The gargoyle hits you with a +0 morningstar!
You die...

▓.▓
▓)▓
▓.▓
▓.▓
▓[▓
▓.▓
▓.▓
▓.▓
▓@▓
▓9▓
▓T▓
▓g▓
▓y▓
▓o▓
▓.▓
▓+▓


You could see a troll (unable to see you), a hornet (unable to see you), a
gargoyle (unable to see you), a gnoll sergeant (unable to see you) and an orc
wizard (invisible, unable to see you).

Vanquished Creatures
  An ogre (D)
  A centaur (D)
  A shadow imp (D)
  A white imp (D)
  An ufetubus (D)
  A dart slug (D)
  A giant cockroach (D)
  A hobgoblin (D)
  A quokka (D)
  A kobold (D)
  A rat (D)
11 creatures vanquished.

Notes
Turn   | Place    | Note
-------+----------+-------------------------------------------
     0 | D        | Groucho the Naga Fighter began the quest for the Orb.
     0 | D        | Reached XP level 1. HP: 21/21 MP: 1/1
     5 | D        | Banished a spatial maelstrom
    25 | D        | Reached XP level 2. HP: 16/28 MP: 2/2
   357 | D        | Noticed an ogre
   362 | D        | Killed an ogre
   363 | D        | Reached skill level 5 in Fighting
   363 | D        | Reached XP level 3. HP: 26/39 MP: 3/3
   363 | D        | Reached XP level 4. HP: 31/46 MP: 4/4
   885 | D        | Found a snail-covered altar of Cheibriados.
   885 | D        | Found a shadowy altar of Dithmenos.
   885 | D        | Found a white marble altar of Elyvilon.
   885 | D        | Found a blossoming altar of Fedhas.
   885 | D        | Found an opulent altar of Gozag.
   886 | D        | Found a hazy altar of Hepliaklqana.
   887 | D        | Found a viscous altar of Jiyva.
   888 | D        | Found an ancient bone altar of Kikubaaqudgha.
   889 | D        | Became a worshipper of Cheibriados the Contemplative
   890 | D        | Found a corrupted altar of Lugonu.
   891 | D        | Found a burning altar of Makhleb.
   892 | D        | Found a sparkling altar of Nemelex Xobeh.
   893 | D        | Found an iron altar of Okawaru.
   894 | D        | Found a stormy altar of Qazlal.
   895 | D        | Found a sacrificial altar of Ru.
   896 | D        | Found a shimmering blue altar of Sif Muna.
   897 | D        | Found a bloodstained altar of Trog.
   898 | D        | Found a hide-covered altar of Uskayaw.
   899 | D        | Found a radiant altar of Vehumet.
   900 | D        | Found an ornate altar of the Wu Jian Council.
   901 | D        | Found a shimmering altar of Xom.
   902 | D        | Found a basalt altar of Yredelemnul.
   903 | D        | Found a glowing silver altar of Zin.
   904 | D        | Found a glowing golden altar of the Shining One.
   952 | D        | Noticed a centaur
   952 | D        | Noticed a gargoyle
   952 | D        | Noticed a troll
   952 | D        | Noticed a gnoll sergeant
   952 | D        | Noticed a hornet
   957 | D        | Killed a centaur
   958 | D        | Reached skill level 6 in Fighting
   958 | D        | Reached skill level 5 in Axes
   958 | D        | Reached skill level 5 in Armour
   958 | D        | Reached skill level 5 in Shields
   958 | D        | Reached XP level 5. HP: 5/55 MP: 4/7
   965 | D        | Slain by a gargoyle

Illustrated notes

Levels and vault maps discovered:
D:        linesprint [early_d, line_temple, items_1, d_10, items_2, lair_1,
          lair_end, items_3, orc_1, orc_end, items_4, d_15, swamp_1, shoals_1,
          snake_1, spider_1, d_20, vaults_1, items_5, swamp_end, shoals_end,
          snake_end, spider_end, vaults_end, d_27, items_6, zot_1, zot_end,
          crypt_end, forest_end, elf_end, slime_end, tomb_end, abyss_end,
          pan_hell_end]

Skill      XL: |  1  2  3  4 |
---------------+-------------+-----
Shields        | 3 4 5 |  5.5
Fighting       | 5 6 |  6.1
Axes           | 4 5 |  5.6
Armour         | 4 5 |  5.0
Invocations    | 2 |  2.7

Action                   |  1- 3 |  4- 6 || total
-------------------------+-------+-------++-------
Melee: War axe           |    23 |    12 ||    35
       Broad axe         |       |     8 ||     8
  Use: Potion            |     2 |     4 ||     6
Armor: Scale mail        |    10 |     4 ||    14
       Chain mail        |       |     3 ||     3
Dodge: Dodged            |     8 |    12 ||    20
Block: Buckler           |     5 |     8 ||    13
